[Event "Late-Titled-Tuesday-Blitz-February-13-2024"]
[Site "Chess.com"]
[Date "2024.02.13"]
[Round "1"]
[White "Chempiblinka"]
[Black "Yurovskykh_Oleksandr"]
[Result "0-1"]
[WhiteElo "2364"]
[BlackElo "2692"]
[TimeControl "180+1"]
[EndTime "14:08:36 PST"]
[Termination "Yurovskykh_Oleksandr won on time"]

1. Nf3 d5 2. g3 c6 3. Bg2 Bg4 4. c4 e6 5. cxd5 Bxf3 6. Bxf3 cxd5 7. Qb3 Qd7 8. O-O Nc6 9. Qa4 Nf6 10. d3 Be7 11.
Nc3 O-O 12. Bg2 Rfc8 13. e4 dxe4 14. dxe4 Bc5 15. Bg5 h6 16. Rad1 Qc7 17. Nb5 Qb6 18.
Bxf6 gxf6 19. Nc3 Rd8 20. b3 Qb4 21. Qxb4 Bxb4 22. Nb5 a6 23. Nc7 Rac8 24. Rxd8+ Rxd8 25. Rc1 Nd4 26. Bf1 Ba5 27. Kg2 Rc8 28. Rd1 Nc6 29.
Nxa6 bxa6 30. Rd7 Nb8 31. Rb7 Rd8 32. a3 Bc3 33. b4 Bd4 34. Ra7 Kg7 35. Rb7 Nd7 36.
h4 Ne5 37. Rc7 Ng4 38. Rc6 Nxf2 39. Rxa6 Ng4 40. b5 Ne3+ 41. Kg1 Nxf1+ 42. Kxf1 Bc5 43. a4 Rd4 44. a5 Rxe4 45. b6 Rb4 46. Ra8 Bxb6 47.
axb6 Rxb6 48. Ra7 Rb2 49. Ra5 f5 50. Rc5 Kf6 51. Ra5 Kg6 52. Rc5 Kh5 53. Rc4 f6 54.
Ra4 e5 55. Rc4 e4 56. Ra4 Kg4 57. Ra6 Kxg3 58. Rxf6 f4 59. Rxh6 Kf3 60. Ke1 Rb1+ 61. Kd2 e3+ 62. Kd3 Rd1+ 63. Kc2 e2 64. Re6 e1=Q 65.
Rxe1 Rxe1 0-1

[Event "Late-Titled-Tuesday-Blitz-February-13-2024"]
[Site "Chess.com"]
[Date "2024.02.13"]
[Round "1"]
[White "AradNazari"]
[Black "CFalcons8"]
[Result "1/2-1/2"]
[WhiteElo "2767"]
[BlackElo "2418"]
[TimeControl "180+1"]
[EndTime "14:08:38 PST"]
[Termination "Game drawn - insufficient material"]

1. e4 e5 2. f4 d5 3. exd5 exf4 4. Nf3 Qxd5 5. Nc3 Qe6+ 6. Be2 Nf6 7. d4 Bb4 8. Bxf4 Nd5 9. Bd2 O-O 10. Nxd5 Bxd2+ 11. Qxd2 Qxd5 12. O-O Bg4 13. c4 Qd6 14. Rad1 Nc6 15. d5 Bxf3 16. gxf3 Ne5 17. f4 Qg6+ 18. Kh1 Qe4+ 19. Kg1 Nxc4 20. Bxc4 Qxc4 21. b3 Qc5+ 22. Qf2 Qxf2+ 23. Rxf2 Rfd8 24. Rc2 Rd7 25. Kf2 Rad8 26. Ke3 c6 27. Rcd2 cxd5 28. Rc2 f6 29. Rc5 Kf7 30. f5 g6 31. Kd4 Re8 32. Rf1 Re4+ 33.
Kd3 Re5 34. Rc8 d4 35. Rf3 gxf5 36. Rh8 Ke6 37. Rf8 Rc5 38. Kd2 Re5 39. Rh3 Kd5 40.
Rxf6 Rg7 41. Kd3 Rg2 42. Rf8 Ree2 43. Rd8+ Kc5 44. Rc8+ Kb5 45. a4+ Kb4 46. Rc4+ Kxb3 47. Kxd4+ Ka2 48. Rxh7 Rxh2 49. Rxb7 f4 50. Rf7 Rh4 51. Kd3 Rf2 52. Rxa7 Rh3+ 53. Ke4 Re2+ 54. Kxf4 Rh4+ 55. Kf3 Rxc4 56. Kxe2 Ka3 57. a5 Ka4 58. a6 Ka5 59. Ra8 Kb6 60. Kd3 Ra4 61. Rb8+ Kxa6 62. Ra8+ Kb5 63. Rxa4 Kxa4 1/2-1/2

[Event "Late-Titled-Tuesday-Blitz-February-13-2024"]
[Site "Chess.com"]
[Date "2024.02.13"]
[Round "1"]
[White "Felix-Rose"]
[Black "jup1978"]
[Result "1-0"]
[WhiteElo "2243"]
[BlackElo "2561"]
[TimeControl "180+1"]
[EndTime "14:08:48 PST"]
[Termination "Felix-Rose won on time"]

1. e4 e5 2. Nf3 Nf6 3. Nxe5 d6 4.
Nf3 Nxe4 5. Nc3 Nxc3 6. dxc3 Be7 7. Bf4 Be6 8. Qd2 Nc6 9. O-O-O h6 10. Kb1 a6 11. h4 Qd7 12. h5 O-O-O 13. Nd4 Nxd4 14. Qxd4 Bf6 15. Qa7 Qc6 16. f3 Qb6 17. Qxb6 cxb6 18. Be2 Be5 19. Be3 Kc7 20. f4 Bf6 21. g4 Be7 22. g5 Bf5 23. Bf3 Rhe8 24. Bc1 Bf8 25.
Rhe1 b5 26. Bd2 Re7 27. Rxe7+ Bxe7 28. Re1 Bf8 29. Bd5 f6 30. gxf6 gxf6 31. c4 bxc4 32. Bxc4 Bg4 33. Bf7 Rd7 34. Bg6 Re7 35. Rg1 Bf3 36. Bc3 f5 37. a3 Bg4 38. Re1 Rxe1+ 39.
Bxe1 Bg7 40. Ba5+ b6 41. Bd2 Bd4 42. c3 Bf6 43. Kc2 Kd7 44. Kd3 Ke6 45. Be3 b5 46. b4 Bh3 47. Bc1 Bf1+ 48. Kd2 Bc4 49. Kc2 Bh4 50. Be8 Bd5 51. Bg6 Bf2 52. Kd3 Be4+ 53.
Ke2 Bb6 54. Be3 Bc7 55. Bd4 Kd5 56. Bg7 Bd8 57. Bxh6 Bf6 58. Kd2 Kc4 59. Bf7+ d5 60. Bf8 Bxc3+ 61. Ke3 Bd4+ 62. Ke2 Bd3+ 63. Kd1 Bf6 64.
h6 Kd4 65. Bg7 1-0

[Event "Late-Titled-Tuesday-Blitz-February-13-2024"]
[Site "Chess.com"]
[Date "2024.02.13"]
[Round "1"]
[White "LyonBeast"]
[Black "Actuary44"]
[Result "1-0"]
[WhiteElo "3171"]
[BlackElo "2526"]
[TimeControl "180+1"]
[EndTime "14:09:02 PST"]
[Termination "LyonBeast won by checkmate"]

1. e4 b6 2. d4 Bb7 3. Bd3 e6 4. Nf3 Nf6 5. Qe2 d5 6. e5 Nfd7 7.
h4 c5 8. c3 Nc6 9. a3 Qc7 10. Be3 O-O-O 11. Nbd2 h6 12. b4 c4 13. Bc2 f5 14. h5 Be7 15. Bf4 Nf8 16. Nf1 g6 17.
hxg6 Nxg6 18. Bh2 Rdg8 19. Ne3 Kb8 20. O-O Bg5 21. Kh1 Bf4 22. g3 Bg5 23. Ng2 Qg7 24.
a4 Be7 25. Rg1 h5 26. Nf4 Qf7 27. Qe3 h4 28. Nxg6 Rxg6 29. gxh4 Bxh4 30. Rxg6 Qxg6 31. Rg1 Qh5 32. Nxh4 Qxh4 33. Qg3 Qh5 34. Bd1 Qh6 35. f4 Ne7 36. Rg2 Bc6 37. Qg5 Be8 38. Qxh6 Rxh6 39.
Rg7 Ng6 40. Kg1 Kc8 41. Rxa7 Kd8 42. a5 bxa5 43. bxa5 Rh3 44. a6 Rxc3 45. Bh5 Rc1+ 46. Kf2 Rc2+ 47. Be2 Ra2 48. Bg1 Bc6 49. Kf3 c3 50.
Be3 Nh4+ 51. Kf2 Ng6 52. Rg7 Ne7 53. a7 Nc8 54. Kf3 Rxa7 55. Rxa7 Nxa7 56. Bc1 Bb5 57. Bd1 Bd3 58. Ke3 Be4 59. Ba4 Nc6 60. Bxc6 Kc7 61.
Ba4 Kb6 62. Bd1 Kb5 63. Bh5 Kc6 64. Be8+ Kc7 65. Ba3 c2 66. Kd2 Kd8 67. Ba4 Kc7 68. Bxc2 Bf3 69. Ba4 Be4 70. Kc3 Bf3 71. Bd6+ Kd8 72.
Kb4 Be4 73. Bc6 Bd3 74. Kc5 Be4 75. Kb6 Bd3 76. Kb7 Be4 77. Bf8 Bd3 78. Bg7 Be4 79.
Bf6# 1-0

[Event "Late-Titled-Tuesday-Blitz-February-13-2024"]
[Site "Chess.com"]
[Date "2024.02.13"]
[Round "1"]
[White "Quattroporte300"]
[Black "BardArtem"]
[Result "0-1"]
[WhiteElo "2408"]
[BlackElo "2773"]
[TimeControl "180+1"]
[EndTime "14:09:02 PST"]
[Termination "BardArtem won by checkmate"]

1. e4 b6 2. d4 Bb7 3. Bd3 e6 4. Qe2 Nf6 5. Nf3 d5 6. e5 Nfd7 7. O-O c5 8. c3 Nc6 9. Re1 Be7 10. Nbd2 g5 11. dxc5 bxc5 12. Nf1 g4 13. N3d2 Ndxe5 14. Bb5 Bd6 15. c4 Qc7 16. cxd5 exd5 17. Qxg4 Kf8 18. Qh5 Nd4 19. Ba4 Rg8 20. Qh6+ Rg7 21. Bd1 Re8 22.
Kh1 Re6 23. Qh3 Ng4 24. Bxg4 Rxe1 25. b3 Qa5 26. Bc8 Qxd2 27. Bxd2 Rxa1 28. g3 Rxf1+ 29.
Qxf1 Bxc8 30. Bc3 Be5 31. Qe1 f6 32. f4 Nf3 33. Qc1 Bxc3 34. Qxc3 Nd4 35. Qxc5+ Re7 36. Qxc8+ Kf7 37. Kg2 Ne6 38. Qc6 d4 39. Kh3 Kg7 40.
Qd5 Kg8 41. Kg4 Kf8 42. Qc6 Kf7 43. Qd5 Kf8 44. h4 Ng7 45. h5 Ne6 46. f5 Ng5 47.
Qd8+ Kf7 48. Qd5+ Kg7 49. Kf4 h6 50. Qxd4 Nh3+ 51. Kg4 Ng5 52. Kh4 Re4+ 53. Qxe4 Nxe4 54. Kg4 Kf7 55. Kf4 Nd6 56. Ke3 Nxf5+ 57. Kf4 Ng7 58. g4 Ke6 59. b4 f5 60. gxf5+ Nxf5 61. a4 Ng7 62. Kg4 Ke5 63. a5 Ne6 64. b5 Nc5 65. b6 axb6 66. axb6 Ke4 67. Kg3 Kf5 68. Kh4 Kf4 69.
Kh3 Kg5 70. Kg3 Kxh5 71. Kh3 Kg5 72. Kg3 h5 73. Kh3 h4 74. Kh2 Kg4 75. Kg2 h3+ 76. Kh2 Kh4 77. Kh1 Kg3 78. Kg1 h2+ 79. Kh1 Ne4 80. b7 Nf2# 0-1

[Event "Late-Titled-Tuesday-Blitz-February-13-2024"]
[Site "Chess.com"]
[Date "2024.02.13"]
[Round "1"]
[White "trriinu"]
[Black "Lady_Nika"]
[Result "0-1"]
[WhiteElo "2235"]
[BlackElo "2587"]
[TimeControl "180+1"]
[EndTime "14:09:05 PST"]
[Termination "Lady_Nika won on time"]

1. e4 e6 2. d4 d5 3. Nd2 Nf6 4.
e5 Nfd7 5. Bd3 c5 6. c3 Nc6 7. Ne2 Be7 8. O-O O-O 9. f4 f5 10. Nf3 a6 11. Ng5 Bxg5 12. fxg5 cxd4 13. cxd4 b5 14.
Be3 Nb6 15. b3 Ne7 16. h4 Nd7 17. Nf4 Qb6 18. Qe2 Bb7 19. Rad1 Rfc8 20. Bf2 Nf8 21. h5 Rc3 22. Kh1 Rac8 23. Be1 R3c7 24. Bb4 Rd7 25.
Rf3 Qxd4 26. Bxe7 Rxe7 27. Bxf5 Qb6 28. Bb1 Rd7 29. Rdf1 d4 30. Rg3 Rc3 31. Qg4 Rxg3 32. Qxg3 Qc5 33. g6 Qxe5 34. gxh7+ Nxh7 35. Bxh7+ Kxh7 36. Qg6+ Kh8 37. Qe8+ Kh7 38. Qxd7 Bxg2+ 39. Nxg2 Qxh5+ 40.
Kg1 Qe5 41. Qc6 d3 42. Qf3 Qd4+ 43. Qf2 Qd5 44. Qh4+ Kg8 45. Qf4 e5 46. Qf8+ Kh7 47. Qf5+ Kh8 48. Qh5+ Kg8 49. Ne3 Qd4 50. Qe8+ Kh7 51.
Qh5+ Kg8 52. Qf3 d2 53. Rd1 e4 54. Qe2 Qe5 55. Rxd2 Qg5+ 56. Kf1 Qf4+ 57. Qf2 Qg5 58. Rd5 Qe7 59. Rf5 Qa3 60. Rf8+ Qxf8 61. Qxf8+ Kxf8 62. Kg2 Ke7 63. Kg3 Kd6 64. Kf4 Kc5 65. Nc2 Kd5 66.
Nb4+ Kd4 67. Nxa6 e3 68. Nb4 e2 0-1

[Event "Late-Titled-Tuesday-Blitz-February-13-2024"]
[Site "Chess.com"]
[Date "2024.02.13"]
[Round "1"]
[White "chessisveryfun1264"]
[Black "ritanovikova"]
[Result "1-0"]
[WhiteElo "2576"]
[BlackElo "2224"]
[TimeControl "180+1"]
[EndTime "14:09:16 PST"]
[Termination "chessisveryfun1264 won by checkmate"]

1. c4 Nf6 2. Nf3 e6 3. g3 b6 4.
Bg2 Bb7 5. O-O g6 6. d4 Bg7 7. Re1 d5 8. Qc2 O-O 9. Bf4 Nh5 10. Bg5 Bf6 11. Bh6 Bg7 12. Bxg7 Kxg7 13. Ne5 Nf6 14. Nc3 Nc6 15. Rad1 Rb8 16. e4 dxe4 17. Nxe4 Nxd4 18.
Qc3 c5 19. b4 Ne2+ 20. Rxe2 Qxd1+ 21. Re1 Qd4 22. Qxd4 cxd4 23. Nxf6 Kxf6 24. Nd7+ Ke7 25. Nxf8 Kxf8 26. Bxb7 Rxb7 27. f4 Rc7 28. Rc1 f6 29.
Kf2 Kf7 30. Kf3 e5 31. fxe5 fxe5 32. Ke4 Ke6 33. a3 Kd6 34. a4 Rc8 35. h4 h5 36. Rf1 Ke6 37. Rc1 Kd6 38. Rc2 Ke6 39.
c5 bxc5 40. bxc5 Rc6 41. a5 a6 42. Rb2 Rxc5 43. Rb6+ Kf7 44. Rxa6 Rb5 45. Ra7+ Kf6 46.
a6 Ra5 47. Kd3 Ra4 48. Ke4 Ra5 49. Ra8 Kg7 50. a7 Kh7 51. Rd8 Rxa7 52. Kxe5 Ra3 53.
Kf4 Ra4 54. Kg5 Ra5+ 55. Kf6 Ra6+ 56. Ke5 Ra4 57. Rd7+ Kg8 58. Rd6 Kg7 59. Ke4 Rb4 60. Kf4 d3+ 61. Kf3 Rb3 62. Kf4 Rb4+ 63. Ke5 Rb3 64.
Rd7+ Kh6 65. Kf4 Rb4+ 66. Kf3 Rb3 67. Ke3 Ra3 68. Rd4 Rb3 69. Kf4 Ra3 70. Ke5 d2 71.
Kf4 Ra2 72. Rd8 Kg7 73. Kg5 Ra5+ 74. Kf4 Ra4+ 75. Ke3 Ra2 76. Rd6 Kf7 77. Kf4 Kg7 78.
Rd7+ Kf6 79. Rd5 Kg7 80. Kg5 Ra3 81. Rd7+ Kf8 82. Kf6 Rf3+ 83. Kxg6 Rxg3+ 84. Kf6 Rg2 85. Rd8# 1-0

[Event "Late-Titled-Tuesday-Blitz-February-13-2024"]
[Site "Chess.com"]
[Date "2024.02.13"]
[Round "1"]
[White "AnkitGajwa"]
[Black "GianmarcoVaR"]
[Result "0-1"]
[WhiteElo "2381"]
[BlackElo "2720"]
[TimeControl "180+1"]
[EndTime "14:09:27 PST"]
[Termination "GianmarcoVaR won by resignation"]

1. e4 c5 2. Nf3 d6 3. d4 cxd4 4. Nxd4 Nf6 5. Nc3 a6 6. Bg5 Nbd7 7. Qe2 h6 8. Bxf6 Nxf6 9. O-O-O g6 10. f4 e5 11.
fxe5 dxe5 12. Ne6 Qa5 13. Rd8+ Ke7 14. Qd2 fxe6 15. Nd5+ Qxd5 16. exd5 Kxd8 17. dxe6+ Ke7 18. Qb4+ Ke8 19. Qb3 Bd6 20. Bd3 Ke7 21. Rf1 b5 22.
Bxg6 Bxe6 23. Qf3 Raf8 24. Qb7+ Nd7 25. Rd1 Rhg8 26. Be4 Rb8 27. Qxa6 Rb6 28. Qa7 Rc8 29. Kb1 b4 30. Qa4 Bc5 31. Bd5 Bd4 32. Bxe6 Kxe6 33. Qb3+ Ke7 34. Qh3 Rf8 35. Qh4+ Rbf6 36. Qe4 Nc5 37. Qe2 Rf2 38. Qe1 Rxg2 39. Rxd4 Nd7 40. Rd1 Rgf2 41. Qxb4+ Ke6 42. Qc4+ Ke7 43. Qc7 Rd8 44.
a4 Rf6 45. a5 Re6 46. Rd5 e4 47. Rd2 e3 48. Re2 Rf8 49. Qg3 Rf1+ 50. Ka2 Rf5 51.
b4 Rfe5 52. Qh4+ Nf6 53. Qc4 Nd5 54. a6 Kd6 55. a7 Re8 56. Qc5+ Kd7 57. Kb3 Nc7 58.
Re1 Rxc5 59. bxc5 Kc6 60. Kc4 Re4+ 61. Kd3 Ra4 62. Rxe3 Rxa7 63. Kc4 Ra4+ 64. Kb3 Rh4 65. h3 Nd5 66. Rg3 Kxc5 67. c4 Rxc4 68. Rg6 Rb4+ 69.
Ka3 Rh4 70. Ra6 Rxh3+ 71. Kb2 Nb4 72. Ra5+ Kc4 73. Rf5 Rh2+ 74. Kc1 Kc3 75. Rf3+ Nd3+ 76. Kb1 Rb2+ 77. Ka1 Rb6 78. Ka2 Kc2 79. Rxd3 Kxd3 0-1

[Event "Late-Titled-Tuesday-Blitz-February-13-2024"]
[Site "Chess.com"]
[Date "2024.02.13"]
[Round "1"]
[White "Mikhail_Bryakin"]
[Black "MusicCityMaster"]
[Result "0-1"]
[WhiteElo "2787"]
[BlackElo "2441"]
[TimeControl "180+1"]
[EndTime "14:09:49 PST"]
[Termination "MusicCityMaster won on time"]

1. e4 e6 2. d4 d5 3. Nd2 Nc6 4. Ngf3 Nf6 5. e5 Nd7 6. c3 f6 7. exf6 Qxf6 8. Bd3 Bd6 9. Nf1 O-O 10. Ng3 e5 11.
dxe5 Ndxe5 12. Be2 Bg4 13. Qxd5+ Kh8 14. O-O Bxf3 15. Bxf3 Nxf3+ 16. Qxf3 Qxf3 17. gxf3 Rxf3 18. Kg2 Raf8 19. Be3 h6 20. Rad1 Kh7 21. Ne4 Be5 22. Rd7 R3f7 23. Rxf7 Rxf7 24. Rd1 b6 25. Ng3 g5 26. Ne4 Kg6 27. h3 h5 28. Nd2 g4 29.
hxg4 hxg4 30. Nc4 Bg7 31. Rd5 Bf6 32. Kg3 Ne7 33. Ne5+ Bxe5+ 34. Rxe5 Nf5+ 35. Kxg4 Nxe3+ 36. fxe3 Rf2 37. Rb5 Kf6 38. Kg3 Rf1 39. Kg2 Ra1 40. a3 Rb1 41. Kf3 Ke6 42. Ke4 a6 43. Rb4 a5 44.
Rb5 Kd6 45. Kd3 Kc6 46. c4 Rd1+ 47. Kc2 Re1 48. Re5 Re2+ 49. Kc3 Re1 50. b4 Ra1 51. Kb2 Re1 52. Kb3 Rb1+ 53. Kc2 Ra1 54. Kb2 Re1 55. bxa5 bxa5 56. Kb3 Rb1+ 57. Ka4 Rc1 58.
Re4 Kb6 59. Kb3 Rb1+ 60. Kc2 Ra1 61. Kb2 Re1 62. Re5 c6 63. Kb3 Rb1+ 64. Kc2 Ra1 65.
Kb2 Re1 66. a4 Re2+ 67. Kb3 Re1 68. c5+ Kc7 69. Re7+ Kc8 70. Re6 Kd7 71. Rd6+ Kc7 72. Rd3 Rb1+ 73. Ka3 Rc1 74. Kb3 Rxc5 75. Rc3 Re5 76.
Kc2 Re4 77. Kb3 Kd6 78. Rd3+ Kc5 79. Rc3+ Kd5 80. Rd3+ Kc5 81. Ka3 Kc4 82. Rb3 c5 83. Kb2 Rh4 84. Ka2 Rh2+ 85. Ka3 Rh1 86. Rb5 Ra1+ 87.
Kb2 Rxa4 88. Rb8 Rb4+ 89. Rxb4+ axb4 90. e4 Kd4 91. e5 Kxe5 0-1

[Event "Late-Titled-Tuesday-Blitz-February-13-2024"]
[Site "Chess.com"]
[Date "2024.02.13"]
[Round "2"]
[White "BabageldiAnnaberdiyev"]
[Black "romulocardoso"]
[Result "1-0"]
[WhiteElo "2655"]
[BlackElo "2356"]
[TimeControl "180+1"]
[EndTime "14:11:18 PST"]
[Termination "BabageldiAnnaberdiyev won by checkmate"]

1. e4 c5 2. Nf3 g6 3. d4 cxd4 4. Qxd4 Nf6 5. e5 Nc6 6. Qh4 Nd5 7. Bc4 Nb6 8. Bb3 Bg7 9. Bh6 Bxe5 10. Nxe5 Nxe5 11.
Bg7 g5 12. Qxg5 Rg8 13. Qxe5 f6 14. Qh5# 1-0

[Event "Late-Titled-Tuesday-Blitz-February-13-2024"]
[Site "Chess.com"]
[Date "2024.02.13"]
[Round "2"]
[White "StarkyNZ"]
[Black "YurasovMat-2012"]
[Result "0-1"]
[WhiteElo "2351"]
[BlackElo "2654"]
[TimeControl "180+1"]
[EndTime "14:11:36 PST"]
[Termination "YurasovMat-2012 won by resignation"]

1. c4 c6 2. e4 d5 3. cxd5 cxd5 4.
exd5 Nf6 5. Bb5+ Nbd7 6. Nc3 a6 7. Bc4 b5 8. Bb3 Nc5 9. d6 Qxd6 10. Nge2 Nd3+ 11. Kf1 Qb6 0-1

[Event "Late-Titled-Tuesday-Blitz-February-13-2024"]
[Site "Chess.com"]
[Date "2024.02.13"]
[Round "2"]
[White "MikeSailer"]
[Black "ClayK1ng"]
[Result "1-0"]
[WhiteElo "2204"]
[BlackElo "2456"]
[TimeControl "180+1"]
[EndTime "14:11:39 PST"]
[Termination "MikeSailer won by resignation"]

1. d4 Nf6 2. Nf3 c5 3. Bf4 cxd4 4. Bxb8 Rxb8 5. Qxd4 b6 6. Nc3 Bb7 7. e4 d6 8. Bb5+ Nd7 9. O-O-O e5 10. Nxe5 dxe5 11. Bxd7+ 1-0

[Event "Late-Titled-Tuesday-Blitz-February-13-2024"]
[Site "Chess.com"]
[Date "2024.02.13"]
[Round "2"]
[White "Flaccidmoves"]
[Black "akanga001"]
[Result "1-0"]
[WhiteElo "2415"]
[BlackElo "2011"]
[TimeControl "180+1"]
[EndTime "14:12:04 PST"]
[Termination "Flaccidmoves won by resignation"]

1. c4 c5 2. Nc3 b6 3. e4 Bb7 4. Nf3 d6 5. d4 cxd4 6. Nxd4 a6 7.
Bd3 e6 8. O-O g6 9. f4 Bg7 10. Be3 Nd7 11. f5 Ne5 12. fxe6 Nf6 13.
exf7+ Kxf7 14. Nd5 Bxd5 15. cxd5 Re8 16. Ne6 Qd7 17. Bd4 Nxd3 18. Qxd3 Kg8 19. Nxg7 Rxe4 20. Bxf6 1-0

[Event "Late-Titled-Tuesday-Blitz-February-13-2024"]
[Site "Chess.com"]
[Date "2024.02.13"]
[Round "2"]
[White "mishanick"]
[Black "LogoCzar"]
[Result "1-0"]
[WhiteElo "2973"]
[BlackElo "2395"]
[TimeControl "180+1"]
[EndTime "14:12:30 PST"]
[Termination "mishanick won by checkmate"]

1. d4 Nf6 2. c4 e5 3. dxe5 Ne4 4. a3 d6 5. Qc2 Bf5 6. Nc3 Ng3 7. e4 Nxh1 8. exf5 dxe5 9. g3 Nc6 10. Bg2 Nd4 11. Qa4+ c6 12. Bxh1 Nxf5 13. Bxc6+ bxc6 14. Qxc6+ Qd7 15. Qxa8+ Ke7 16. Nd5+ Ke6 17. Nf3 Bb4+ 18. axb4 Rxa8 19. Ng5+ Kd6 20. Ra6+ Qc6 21. Nxf7+ Ke6 22.
Rxc6+ Kxf7 23. Rc7+ Ke6 24. Be3 Nxe3 25. fxe3 a5 26.
e4 axb4 27. c5 b3 28. Re7# 1-0

[Event "Late-Titled-Tuesday-Blitz-February-13-2024"]
[Site "Chess.com"]
[Date "2024.02.13"]
[Round "2"]
[White "Cosi43"]
[Black "ilya2700"]
[Result "1-0"]
[WhiteElo "2612"]
[BlackElo "2340"]
[TimeControl "180+1"]
[EndTime "14:12:31 PST"]
[Termination "Cosi43 won by resignation"]

1. d4 Nf6 2. Nf3 g6 3. c4 Bg7 4.
Nc3 O-O 5. Bg5 d6 6. e3 Nbd7 7.
Qc2 h6 8. Bh4 e5 9. dxe5 Nxe5 10. Nxe5 dxe5 11. Rd1 Qe7 12. Nd5 Qe6 13. Nxc7 Qb6 14.
Nxa8 Bf5 15. Nxb6 Bxc2 16. Rd2 Bf5 17. Bxf6 1-0

[Event "Late-Titled-Tuesday-Blitz-February-13-2024"]
[Site "Chess.com"]
[Date "2024.02.13"]
[Round "2"]
[White "colegiodemadrid"]
[Black "MarcoRiehle"]
[Result "1-0"]
[WhiteElo "2571"]
[BlackElo "2843"]
[TimeControl "180+1"]
[EndTime "14:12:39 PST"]
[Termination "colegiodemadrid won by resignation"]

1. Nf3 c5 2. e4 d6 3. d4 cxd4 4. Nxd4 Nf6 5. Nc3 g6 6. Be3 Bg7 7. f3 O-O 8. Qd2 a6 9. O-O-O Nbd7 10. Kb1 Nc5 11. g4 b5 12. h4 b4 13. Nd5 Nxd5 14. exd5 a5 15. h5 a4 16. hxg6 fxg6 17. Qh2 Rf7 18. Qxh7+ Kf8 19. Bh6 Ke8 20. Qg8+ Bf8 21. Qxg6 b3 22. Bxf8 bxa2+ 23. Kxa2 a3 24. b3 Qa5 25.
Rh7 Qc3 26. Qxf7+ 1-0

[Event "Late-Titled-Tuesday-Blitz-February-13-2024"]
[Site "Chess.com"]
[Date "2024.02.13"]
[Round "2"]
[White "Yushko_Olga"]
[Black "DucksParadise"]
[Result "1-0"]
[WhiteElo "2234"]
[BlackElo "2481"]
[TimeControl "180+1"]
[EndTime "14:12:53 PST"]
[Termination "Yushko_Olga won by resignation"]

1. d4 Nf6 2. c4 e6 3. Nc3 Bb4 4. Bd2 O-O 5. a3 Bxc3 6. Bxc3 b6 7. Nf3 Bb7 8. g3 Ne4 9. Qc2 d6 10. Bg2 f5 11. O-O Nd7 12. b4 Qe7 13. Rfd1 c5 14. d5 e5 15. Bb2 Ndf6 16. bxc5 Nxc5 17. Qxf5 e4 18. Ng5 e3 19. Bxf6 Rxf6 20. Qxh7+ 1-0

[Event "Late-Titled-Tuesday-Blitz-February-13-2024"]
[Site "Chess.com"]
[Date "2024.02.13"]
[Round "2"]
[White "semchik73"]
[Black "MoreChessJulia"]
[Result "1-0"]
[WhiteElo "2429"]
[BlackElo "2064"]
[TimeControl "180+1"]
[EndTime "14:13:04 PST"]
[Termination "semchik73 won by resignation"]

1. Nf3 Nf6 2. c4 c5 3. Nc3 Nc6 4. e3 g6 5. d4 cxd4 6. exd4 d6 7. d5 Ne5 8. Nxe5 dxe5 9. Be2 Bg7 10. O-O O-O 11. Be3 b6 12. Qd2 Bf5 13. Rac1 Ne4 14. Nxe4 Bxe4 15. f3 Bf5 16. b4 Bd7 17. c5 bxc5 18.
bxc5 f5 19. c6 Bc8 20. Bc5 Re8 21. Bc4 Kh8 22. Bb5 Qc7 23. Kh1 a6 24. Ba4 Rb8 25.
d6 exd6 26. Bxd6 Qd8 27. c7 1-0

[Event "Late-Titled-Tuesday-Blitz-February-13-2024"]
[Site "Chess.com"]
[Date "2024.02.13"]
[Round "2"]
[White "joksijoksi"]
[Black "TheMagician"]
[Result "0-1"]
[WhiteElo "2525"]
[BlackElo "2212"]
[TimeControl "180+1"]
[EndTime "14:13:14 PST"]
[Termination "TheMagician won by checkmate"]

1. d4 Nf6 2. c4 e6 3. Nf3 Be7 4. Nc3 d5 5. Bf4 c6 6. e3 O-O 7. Bd3 dxc4 8. Bxc4 Nd5 9. Bg3 Nxc3 10. bxc3 Nd7 11. O-O a6 12. Bd3 b5 13. a4 Bb7 14.
e4 b4 15. cxb4 Bxb4 16. e5 a5 17. Bh4 f6 18. exf6 Nxf6 19. Ng5 Qd5 20. Qc2 c5 21.
Bxh7+ Kh8 22. Bg6 Qxg2# 0-1

[Event "Late-Titled-Tuesday-Blitz-February-13-2024"]
[Site "Chess.com"]
[Date "2024.02.13"]
[Round "2"]
[White "A-Fier"]
[Black "ACollins05"]
[Result "1-0"]
[WhiteElo "2755"]
[BlackElo "2452"]
[TimeControl "180+1"]
[EndTime "14:13:17 PST"]
[Termination "A-Fier won by checkmate"]

1. d4 d5 2. Bg5 h6 3. Bh4 Nf6 4. Bxf6 gxf6 5. e3 Bf5 6. Bd3 Bxd3 7. cxd3 c6 8. Nf3 Nd7 9. O-O e5 10. Nc3 Bd6 11. e4 dxe4 12. dxe4 O-O 13. Nh4 Re8 14. Nf5 Bf8 15. Qg4+ Kh7 16. Qh5 Re7 17. d5 Kg8 18. Nxe7+ Qxe7 19. dxc6 bxc6 20. Rad1 Nc5 21. Rfe1 Rb8 22.
b3 Ne6 23. Re3 Nd4 24. Rg3+ Kh7 25. Qg4 h5 26. Qg8+ Kh6 27. Qh8# 1-0

[Event "Late-Titled-Tuesday-Blitz-February-13-2024"]
[Site "Chess.com"]
[Date "2024.02.13"]
[Round "2"]
[White "N_Mullodzhanov"]
[Black "gunslinger222"]
[Result "1-0"]
[WhiteElo "2510"]
[BlackElo "2260"]
[TimeControl "180+1"]
[EndTime "14:13:25 PST"]
[Termination "N_Mullodzhanov won by resignation"]

1. e4 d5 2. Nc3 d4 3. Nce2 c5 4. d3 Nc6 5. f4 Nf6 6. Nf3 Bg4 7. Ng3 h5 8. h3 Bxf3 9. Qxf3 h4 10. Ne2 e6 11. c4 Nb4 12. Rb1 Nxa2 13. e5 Nd7 14. Qxb7 Nxc1 15. Nxc1 Qa5+ 16. b4 Rb8 17. bxa5 Rxb7 18.
Rxb7 Be7 19. Be2 Kd8 20. O-O Kc8 21. a6 Rh6 22. Na2 f6 23. Rfb1 fxe5 24. Rxa7 Rg6 25. Rbb7 1-0

[Event "Late-Titled-Tuesday-Blitz-February-13-2024"]
[Site "Chess.com"]
[Date "2024.02.13"]
[Round "2"]
[White "Caterpiller35"]
[Black "Kiborg95"]
[Result "0-1"]
[WhiteElo "2543"]
[BlackElo "2842"]
[TimeControl "180+1"]
[EndTime "14:13:36 PST"]
[Termination "Kiborg95 won by checkmate"]

1. d4 d6 2. e4 Nf6 3. Nc3 e5 4. Nf3 Nbd7 5. Bc4 Be7 6. O-O O-O 7. a4 c6 8. Qe2 exd4 9. Nxd4 Re8 10. Rd1 Bf8 11. Bg5 h6 12. Bh4 d5 13. Ba2 g5 14. Bg3 Nxe4 15. Nxe4 Rxe4 16. Qf3 Qf6 17. Nf5 Ne5 18. Bxe5 Rxe5 19. Nd4 Qxf3 20. Nxf3 Re4 21. c4 dxc4 22. Rd8 b6 23. Nd2 Re7 24. Nxc4 Bb7 25. Rad1 Rxd8 26. Rxd8 Re1# 0-1

[Event "Late-Titled-Tuesday-Blitz-February-13-2024"]
[Site "Chess.com"]
[Date "2024.02.13"]
[Round "2"]
[White "N18player"]
[Black "Zampronha1971"]
[Result "0-1"]
[WhiteElo "2512"]
[BlackElo "2329"]
[TimeControl "180+1"]
[EndTime "14:13:38 PST"]
[Termination "Zampronha1971 won by resignation"]

1. Nf3 Nf6 2. c4 e6 3. e3 d5 4. Nc3 c5 5. cxd5 exd5 6. d4 Nc6 7. Be2 c4 8. O-O Bb4 9. Ne5 O-O 10. f4 Bxc3 11.
bxc3 Ne4 12. Qc2 f6 13. Nxc6 bxc6 14. Bxc4 Qa5 15. Qxe4 Qxc3 16. Bxd5+ cxd5 17. Qxd5+ Kh8 18. Qxa8 Qxa1 19. Ba3 Qxf1+ 20. Kxf1 Ba6+ 21. Kf2 Rxa8 22. d5 Bc4 23. e4 Bxa2 24. Ke3 f5 25. Be7 fxe4 26.
d6 Be6 27. Kxe4 Kg8 28. f5 Bd7 29.
g4 h6 30. h4 Kf7 31. g5 hxg5 32. hxg5 g6 33. fxg6+ Kxg6 34. Kd4 a5 35. Kc5 Rc8+ 36. Kb6 a4 37. Bf6 a3 38. Kb7 Rc6 39. Be5 a2 0-1

[Event "Late-Titled-Tuesday-Blitz-February-13-2024"]
[Site "Chess.com"]
[Date "2024.02.13"]
[Round "2"]
[White "Miguelito"]
[Black "Rawnsdale"]
[Result "1-0"]
[WhiteElo "2765"]
[BlackElo "2528"]
[TimeControl "180+1"]
[EndTime "14:13:39 PST"]
[Termination "Miguelito won by resignation"]

1. e4 c6 2. d4 d5 3. exd5 cxd5 4. Nf3 Nc6 5. c3 Nf6 6. Bf4 Bg4 7. Nbd2 e6 8. h3 Bh5 9. Bd3 Bd6 10. Bxd6 Qxd6 11. O-O O-O 12. Re1 Rab8 13. a4 a6 14. Qb1 Bg6 15. Bxg6 hxg6 16. Qd3 b5 17. axb5 axb5 18.
b4 Nd7 19. Nb3 e5 20. dxe5 Ndxe5 21. Nxe5 Nxe5 22. Qg3 Rfe8 23. Nd4 Qf6 24. Re2 Nc4 25. Rae1 Rxe2 26. Qxb8+ 1-0

[Event "Late-Titled-Tuesday-Blitz-February-13-2024"]
[Site "Chess.com"]
[Date "2024.02.13"]
[Round "2"]
[White "babero_gordo"]
[Black "dosto07"]
[Result "0-1"]
[WhiteElo "2137"]
[BlackElo "2535"]
[TimeControl "180+1"]
[EndTime "14:13:40 PST"]
[Termination "dosto07 won by resignation"]

1. e4 e5 2. Nf3 Nc6 3. Bc4 Bc5 4. O-O Nf6 5. d3 d6 6. h3 a6 7. c3 h6 8. a4 Ba7 9. a5 g5 10. d4 g4 11. hxg4 Bxg4 12. dxe5 Nxe5 13. Be2 Bxf3 14.
Bxf3 Qe7 15. Nd2 O-O-O 16. Qb3 Rhg8 17. Be2 Rg7 18. Nf3 Rdg8 19. g3 Rxg3+ 0-1